Jets vs Blackhawks

Created - Thursday, December 17, 2015 at 03:29

Goals
1 2 3 OT1 SO T
Jets 2 1 0 0 1 4
Blackhawks 0 2 1 0 0 3
Shots
1 2 3 OT1 SO T
Jets 8 7 12 2 3 29
Blackhawks 5 9 21 1 3 36

1st period

1. Jets , Filip Forsberg 11 (John Tavares, Max Pacioretty) at 3:36
2. Jets , Ryan Getzlaf 15 (Alex Ovechkin, Wayne Simmonds) at 7:06

Penalties :
Pascal Dupuis (Chi) for Tripping (Minor) at 1:33

2nd period

3. Jets , John Tavares 27 (Filip Forsberg) at 6:03 (PP)
4. Blackhawks , Pascal Dupuis 19 (Jeff Carter, Craig Anderson) at 8:17 (PP)
5. Blackhawks , Jeff Carter 22 (Pascal Dupuis, David Backes) at 19:22 (PP)

Penalties :
Craig Smith (Chi) for Slashing (Minor) at 5:56, Marc Staal (Wpg) for Tripping (Minor) at 6:56, Martin Hanzal (Chi) for Goalie Interference (Minor) at 8:44, Jared Spurgeon (Chi) for Hooking (Minor) at 14:34, Colin Wilson (Wpg) for Hooking (Minor) at 18:48

3rd period

6. Blackhawks , Sami Vatanen 5 (David Backes) at 17:05 (PP)

Penalties :
Jamie Devane (Wpg) for Hooking (Minor) at 2:54, Alex Ovechkin (Wpg) for High sticking (Minor) at 16:10

Overtime #1

No Goal

Penalties :
No Penalty

Shootout

Penalty Shot by Alex Ovechkin for Jets - Goal!
Penalty Shot by Brock Nelson for Blackhawks - Stopped by Tuukka Rask
Penalty Shot by Ryan Getzlaf for Jets - Stopped by Craig Anderson
Penalty Shot by Riley Sheahan for Blackhawks - Stopped by Tuukka Rask
Penalty Shot by John Tavares for Jets - Stopped by Craig Anderson
Penalty Shot by Pascal Dupuis for Blackhawks - Shot Misses the Net

Penalties :
No Penalty

Goalie Stats

Tuukka Rask (Wpg), 33 saves from 36 shots - (0.917), W, 14-12-0, 65:00 minutes
Craig Anderson (Chi), 26 saves from 29 shots - (0.897), OTL, 15-5-3, 65:00 minutes

Players Stats for Jets

Player Name              G  A  P  +/- PIM S  H  SB GA TA FO     MP     PP MP  PK MP  
------------------------------------------------------------------------------------
Alex Killorn             0  0  0   0  0   2  1  0  1  0  2/5    14:31   0:00   0:46 
Alex Ovechkin            0  1  1   1  2   2  7  0  2  0  1/2    23:58   3:05   0:37 
Colin Wilson             0  0  0   0  2   4  2  0  5  0  0/0    14:03   0:00   0:00 
Danny DeKeyser           0  0  0   1  0   0  0  0  0  0  0/0     6:08   0:00   0:00 
Erik Johnson             0  0  0   0  0   2  0  0  0  2  0/0    19:47   0:00   3:57 
Filip Forsberg           1  1  2   1  0   3  1  0  5  0  0/0    21:14   2:59   0:00 
Jake Muzzin              0  0  0   0  0   2  2  3  0  2  0/0    22:45   3:10   0:52 
Jamie Devane             0  0  0   0  2   0  0  0  0  0  1/2     7:00   0:00   0:00 
Jarret Stoll             0  0  0   0  0   1  2  1  2  0  1/1     8:21   0:00   0:00 
John Carlson             0  0  0   1  0   1  1  1  0  1  0/0    25:35   2:54   3:57 
John Tavares             1  1  2   1  0   3  2  0  2  0  14/19  20:23   2:59   0:00 
Marc Staal               0  0  0   0  2   0  0  2  0  2  0/0    11:11   0:00   0:00 
Marcus Kruger            0  0  0   0  0   0  0  5  0  0  6/12   17:18   0:00   4:03 
Max Pacioretty           0  1  1   1  0   3  2  1  4  1  0/1    20:23   2:59   0:00 
Oliver Ekman-Larsson     0  0  0   2  0   0  3  0  1  0  0/0    22:28   2:54   0:00 
Ryan Getzlaf             1  0  1   1  0   2  1  0  3  1  8/14   22:25   3:05   4:12 
Victor Hedman            0  0  0   0  0   1  0  2  0  0  0/0    22:05   3:10   0:52 
Wayne Simmonds           0  1  1   1  0   3  1  1  4  0  0/1    15:32   3:05   0:00 

Players Stats for Blackhawks

Player Name              G  A  P  +/- PIM S  H  SB GA TA FO     MP     PP MP  PK MP  
------------------------------------------------------------------------------------
Brent Burns              0  0  0  -1  0   0  0  2  0  1  0/0    24:27   2:35   2:27 
Brian Gibbons            0  0  0   0  0   1  1  0  0  0  0/0    12:58   0:00   0:00 
Brock Nelson             0  0  0   0  0   1  0  0  0  1  0/1    15:38   0:00   0:00 
Brooks Laich             0  0  0   0  0   3  3  0  1  1  0/2    16:28   0:00   3:38 
Craig Smith              0  0  0  -1  2   1  1  1  2  0  0/0    13:54   0:00   0:00 
David Backes             0  2  2   0  0   3  2  0  1  2  9/16   16:29   2:40   0:59 
Dustin Byfuglien         0  0  0  -2  0   3  5  0  1  2  0/0    21:45   2:35   0:27 
Jared Spurgeon           0  0  0  -1  2   0  0  3  0  2  0/0    20:16   0:00   2:54 
Jeff Carter              1  1  2  -1  0   5  2  0  3  2  4/14   17:12   2:40   3:00 
Martin Hanzal            0  0  0   0  2   2  2  0  3  1  8/15   17:56   2:09   2:05 
Michael Del Zotto        0  0  0   0  0   3  2  0  0  3  0/0    20:26   0:00   1:54 
Mike Hoffman             0  0  0  -1  0   1  0  0  1  0  0/0    13:56   2:09   0:00 
Pascal Dupuis            1  1  2  -1  2   6  0  1  1  0  0/1    17:31   2:40   1:59 
Riley Sheahan            0  0  0  -1  0   2  0  1  0  0  3/7    13:55   0:00   0:00 
Sami Vatanen             1  0  1  -1  0   1  2  1  0  2  0/0    24:03   2:14   4:53 
Tanner Pearson           0  0  0   0  0   2  0  1  1  1  0/1    13:36   0:00   0:00 
Torey Krug               0  0  0   0  0   1  1  0  0  1  0/0    20:05   2:14   0:00 
Tyler Toffoli            0  0  0   0  0   1  1  2  1  1  0/0    13:17   2:09   0:00 

3 Stars

1 - John Tavares (Wpg)
2 - Filip Forsberg (Wpg)
3 - Jeff Carter (Chi)

Power Play

Jets - 1 on 4 Attempt(s) - 25.00%
Blackhawks - 3 on 4 Attempt(s) - 75.00%

Penalty Kill

Jets - 1 on 4 Attempt(s) - 25.00% - Score 0 goal in Penalty Kill
Blackhawks - 3 on 4 Attempt(s) - 75.00% - Score 0 goal in Penalty Kill

Team Stat

Jets - Hits : 25 - Faceoff Wins : 33 - Blocked Shots : 16 - Penalty Minutes : 8
Blackhawks - Hits : 22 - Faceoff Wins : 24 - Blocked Shots : 12 - Penalty Minutes : 8

Official

Referees : Unknown
Linesman : Unknown

Game Notes

No Game Note

Finance

Level 1 -- Attendance: 5811 (96.85%) -- Ticket Income $493,935
Level 2 -- Attendance: 4148 (82.96%) -- Ticket Income $228,140
Level 3 -- Attendance: 2000 (100.00%) -- Ticket Income $60,000
Level 4 -- Attendance: 3731 (93.28%) -- Ticket Income $67,158
Luxury Box -- Attendance: 815 (81.50%) -- Ticket Income $146,700
Game was played at the United Center.
Total Attendance: 16505 (91.69%)
Total Ticket Income: $995,933
Other Income: $488,007
Total Income: $1,483,940

Jets

5 vs 5 Forward 
   Center                   Left Wing                Right Wing               Time % Phy DF OF 
 1 Ryan Getzlaf             Alex Ovechkin            Wayne Simmonds           36     1   2  2  
 2 John Tavares             Max Pacioretty           Filip Forsberg           30     1   2  2  
 3 Marcus Kruger            Alex Killorn             Colin Wilson             22     1   2  2  
 4 Jarret Stoll             Jamie Devane             Alex Ovechkin            12     1   2  2  

5 vs 5 Defense 
   Defense                  Defense                                           Time % Phy DF OF 
 1 Erik Johnson             John Carlson                                      35     1   2  2  
 2 Jake Muzzin              Victor Hedman                                     30     1   2  2  
 3 Oliver Ekman-Larsson     Marc Staal                                        22     1   2  2  
 4 Danny DeKeyser           Oliver Ekman-Larsson                              13     1   2  2  

PowerPlay Forward 
   Center                   Left Wing                Right Wing               Time % Phy DF OF 
 1 Ryan Getzlaf             Alex Ovechkin            Wayne Simmonds           60     1   2  2  
 2 John Tavares             Max Pacioretty           Filip Forsberg           40     1   2  2  

PowerPlay Defense
   Defense                  Defense                                           Time % Phy DF OF 
 1 Oliver Ekman-Larsson     John Carlson                                      60     1   2  2  
 2 Jake Muzzin              Victor Hedman                                     40     1   2  2  

Penalty Kill 4 Players Forward 
   Center                   Wing                     Time % Phy DF OF 
 1 Marcus Kruger            Ryan Getzlaf             60     1   2  2  
 2 Jarret Stoll             Filip Forsberg           40     1   2  2  

Penalty Kill 4 Players Defense
   Defense                  Defense                  Time % Phy DF OF 
 1 Erik Johnson             John Carlson             60     1   2  2  
 2 Jake Muzzin              Victor Hedman            40     1   2  2  

Penalty Kill - 3 Players Forward 
   Forward                                           Time % Phy DF OF 
 1 Marcus Kruger                                     60     1   2  2  
 2 Ryan Getzlaf                                      40     1   2  2  

Penalty Kill - 3 Players Defense
   Defense                  Defense                  Time % Phy DF OF 
 1 Jake Muzzin              John Carlson             60     1   2  2  
 2 Erik Johnson             Victor Hedman            40     1   2  2  

4 vs 4 Forward 
   Center                   Wing                     Time % Phy DF OF 
 1 Alex Ovechkin            Ryan Getzlaf             60     1   2  2  
 2 John Tavares             Max Pacioretty           40     1   2  2  

4 vs 4 Defense
   Defense                  Defense                  Time % Phy DF OF 
 1 Jake Muzzin              John Carlson             60     1   2  2  
 2 Oliver Ekman-Larsson     Victor Hedman            40     1   2  2  

Last Minutes Offensive
   Center                   Left Wing                Right Wing               Defense                  Defense                  
   Ryan Getzlaf             Alex Ovechkin            Wayne Simmonds           Erik Johnson             Oliver Ekman-Larsson     

Last Minutes Defensive
   Center                   Left Wing                Right Wing               Defense                  Defense                  
   Ryan Getzlaf             Alex Ovechkin            Wayne Simmonds           Erik Johnson             John Carlson             

Goaltenders
Starting : Tuukka Rask              
Backup : Jake Allen               

Extra Forwards
Normal : Jarret Stoll, Colin Wilson, Alex Killorn - PP : Jarret Stoll, Colin Wilson - PK : Alex Killorn
Extra Defensemen
Normal : Jake Muzzin, Danny DeKeyser, Oliver Ekman-Larsson - PP : Jake Muzzin - PK : Danny DeKeyser, Oliver Ekman-Larsson
Penalty Shots
Alex Ovechkin, Ryan Getzlaf, John Tavares, Max Pacioretty, Jarret Stoll

Blackhawks

5 vs 5 Forward 
   Center                   Left Wing                Right Wing               Time % Phy DF OF 
 1 Jeff Carter              Tanner Pearson           Tyler Toffoli            25     0   1  4  
 2 Riley Sheahan            Mike Hoffman             Craig Smith              25     0   1  4  
 3 David Backes             Pascal Dupuis            Brooks Laich             25     1   1  3  
 4 Martin Hanzal            Brock Nelson             Brian Gibbons            25     1   2  2  

5 vs 5 Defense 
   Defense                  Defense                                           Time % Phy DF OF 
 1 Dustin Byfuglien         Brent Burns                                       30     1   2  2  
 2 Jared Spurgeon           Sami Vatanen                                      30     1   2  2  
 3 Torey Krug               Michael Del Zotto                                 30     1   2  2  
 4 Jared Spurgeon           Sami Vatanen                                      10     1   2  2  

PowerPlay Forward 
   Center                   Left Wing                Right Wing               Time % Phy DF OF 
 1 David Backes             Pascal Dupuis            Jeff Carter              60     0   1  4  
 2 Martin Hanzal            Mike Hoffman             Tyler Toffoli            40     0   1  4  

PowerPlay Defense
   Defense                  Defense                                           Time % Phy DF OF 
 1 Dustin Byfuglien         Brent Burns                                       60     1   1  3  
 2 Torey Krug               Sami Vatanen                                      40     1   1  3  

Penalty Kill 4 Players Forward 
   Center                   Wing                     Time % Phy DF OF 
 1 Jeff Carter              Pascal Dupuis            50     1   3  1  
 2 Martin Hanzal            Brooks Laich             50     1   3  1  

Penalty Kill 4 Players Defense
   Defense                  Defense                  Time % Phy DF OF 
 1 Jared Spurgeon           Sami Vatanen             50     2   3  0  
 2 Brent Burns              Michael Del Zotto        50     2   3  0  

Penalty Kill - 3 Players Forward 
   Forward                                           Time % Phy DF OF 
 1 David Backes                                      50     1   4  0  
 2 Jeff Carter                                       50     1   4  0  

Penalty Kill - 3 Players Defense
   Defense                  Defense                  Time % Phy DF OF 
 1 Jared Spurgeon           Sami Vatanen             50     1   4  0  
 2 Brent Burns              Michael Del Zotto        50     1   4  0  

4 vs 4 Forward 
   Center                   Wing                     Time % Phy DF OF 
 1 Riley Sheahan            Craig Smith              50     0   2  3  
 2 Brock Nelson             Tanner Pearson           50     0   2  3  

4 vs 4 Defense
   Defense                  Defense                  Time % Phy DF OF 
 1 Torey Krug               Michael Del Zotto        50     1   2  2  
 2 Dustin Byfuglien         Brent Burns              50     1   2  2  

Last Minutes Offensive
   Center                   Left Wing                Right Wing               Defense                  Defense                  
   David Backes             Pascal Dupuis            Jeff Carter              Brent Burns              Dustin Byfuglien         

Last Minutes Defensive
   Center                   Left Wing                Right Wing               Defense                  Defense                  
   David Backes             Pascal Dupuis            Brian Gibbons            Jared Spurgeon           Sami Vatanen             

Goaltenders
Starting : Craig Anderson           
Backup : Scott Darling            

Extra Forwards
Normal : Mike Hoffman, Pascal Dupuis, Brock Nelson - PP : Mike Hoffman, Pascal Dupuis - PK : Brooks Laich
Extra Defensemen
Normal : Sami Vatanen, Torey Krug, Dustin Byfuglien - PP : Torey Krug - PK : Michael Del Zotto, Sami Vatanen
Penalty Shots
Brock Nelson, Riley Sheahan, Pascal Dupuis, Craig Smith, Jeff Carter

% Time on Ice - Jets

Lines # - Real PCT - Wanted PCT - Time Play
Normal Forward
1 - 26% - 36% - 12:45
2 - 34% - 30% - 16:42
3 - 26% - 22% - 12:57
4 - 14% - 12% - 6:43
Normal Defense
1 - 32% - 35% - 15:54
2 - 32% - 30% - 15:53
3 - 23% - 22% - 11:12
4 - 12% - 13% - 6:08
PP Forward
1 - 51% - 60% - 3:05
2 - 49% - 40% - 2:59
PP Defense
1 - 48% - 60% - 2:54
2 - 52% - 40% - 3:10
PK Forward
1 - 100% - 60% - 4:49
2 - 0% - 40% - 0:00
PK Defense
1 - 82% - 60% - 3:57
2 - 18% - 40% - 0:52
PK3 Forward
1 - 0% - 60%
2 - 0% - 40%
PK3 Defense
1 - 0% - 60%
2 - 0% - 40%
44 Forward
1 - 86% - 60% - 4:18
2 - 14% - 40% - 0:42
44 Defense
1 - 57% - 60% - 2:50
2 - 43% - 40% - 2:10
Last Minute Offensive  - 0:00
Last Minute Defensive  - 0:00
Total
Forward - 65:00
Defense - 65:00

% Time on Ice - Blackhawks

Lines # - Real PCT - Wanted PCT - Time Play
Normal Forward
1 - 23% - 25% - 11:32
2 - 25% - 25% - 12:20
3 - 25% - 25% - 12:17
4 - 26% - 25% - 12:58
Normal Defense
1 - 34% - 30% - 16:38
2 - 30% - 30% - 14:41
3 - 31% - 30% - 15:01
4 - 6% - 10% - 2:47
PP Forward
1 - 55% - 60% - 2:40
2 - 45% - 40% - 2:09
PP Defense
1 - 54% - 60% - 2:35
2 - 46% - 40% - 2:14
PK Forward
1 - 49% - 50% - 3:00
2 - 51% - 50% - 3:04
PK Defense
1 - 80% - 50% - 4:53
2 - 20% - 50% - 1:11
PK3 Forward
1 - 0% - 50%
2 - 0% - 50%
PK3 Defense
1 - 0% - 50%
2 - 0% - 50%
44 Forward
1 - 47% - 50% - 2:20
2 - 53% - 50% - 2:40
44 Defense
1 - 57% - 50% - 2:50
2 - 43% - 50% - 2:10
Last Minute Offensive  - 0:00
Last Minute Defensive  - 0:00
Total
Forward - 65:00
Defense - 65:00

Play by Play

1st period


0:01 of 1st period - Ryan Getzlaf wins face-off versus Jeff Carter in neutral zone.
0:06 of 1st period - Snap shot by Ryan Getzlaf.
0:06 of 1st period - Shot Misses the Net.
0:08 of 1st period - Slapshot by John Carlson.
0:08 of 1st period - Deflect By Tanner Pearson.
0:08 of 1st period - Stopped by Craig Anderson without a rebound.
0:09 of 1st period - Jeff Carter wins face-off versus Ryan Getzlaf in Blackhawks zone.
0:37 of 1st period - Snap shot by Ryan Getzlaf.
0:37 of 1st period - Shot Blocked by Tyler Toffoli.
0:45 of 1st period - Wrist shot by Alex Ovechkin.
0:45 of 1st period - Shot Blocked by Tyler Toffoli.
1:12 of 1st period - Snap shot by John Tavares.
1:12 of 1st period - Shot Blocked by Jared Spurgeon.
1:14 of 1st period - Slapshot by Victor Hedman.
1:14 of 1st period - Deflect By Filip Forsberg.
1:14 of 1st period - Shot Misses the Net.
1:14 of 1st period - Puck is out of play.
1:15 of 1st period - Marcus Kruger wins face-off versus David Backes in Blackhawks zone.
1:33 of 1st period - Minor Penalty to Pascal Dupuis for Tripping.
1:34 of 1st period - Martin Hanzal wins face-off versus Ryan Getzlaf in Blackhawks zone.
2:01 of 1st period - Snap shot by Wayne Simmonds.
2:01 of 1st period - Stopped by Craig Anderson without a rebound.
2:02 of 1st period - John Tavares wins face-off versus Brooks Laich in Blackhawks zone.
3:33 of 1st period - Penalty to Pascal Dupuis is over, Pascal Dupuis is back on ice.
3:36 of 1st period - Snap shot by John Tavares.
3:36 of 1st period - Deflect By Filip Forsberg.
3:36 of 1st period - Goal by Filip Forsberg - Jets : 1 - Blackhawks : 0.
3:37 of 1st period - Alex Killorn wins face-off versus Riley Sheahan in neutral zone.
4:01 of 1st period - Riley Sheahan is hit by Colin Wilson and loses puck.
4:29 of 1st period - Michael Del Zotto is hit by Jarret Stoll and loses puck.
5:00 of 1st period - Wrist shot by Martin Hanzal.
5:00 of 1st period - Stopped by Tuukka Rask with a rebound.
5:34 of 1st period - Snap shot by Jeff Carter.
5:34 of 1st period - Stopped by Tuukka Rask without a rebound.
5:35 of 1st period - David Backes wins face-off versus Marcus Kruger in Jets zone.
5:46 of 1st period - Marcus Kruger is hit by Dustin Byfuglien and loses puck.
6:31 of 1st period - Craig Smith is hit by Jake Muzzin and loses puck.
6:37 of 1st period - Icing by Mike Hoffman.
6:38 of 1st period - Ryan Getzlaf wins face-off versus Riley Sheahan in Blackhawks zone.
7:02 of 1st period - Snap shot by Alex Ovechkin.
7:02 of 1st period - Deflect By Ryan Getzlaf.
7:02 of 1st period - Stopped by Craig Anderson with a rebound.
7:04 of 1st period - Snap shot by Alex Ovechkin.
7:04 of 1st period - Shot Misses the Net.
7:06 of 1st period - Wrist shot by Ryan Getzlaf.
7:06 of 1st period - Goal by Ryan Getzlaf - Jets : 2 - Blackhawks : 0.
7:07 of 1st period - Martin Hanzal wins face-off versus Max Pacioretty in neutral zone.
7:30 of 1st period - Slapshot by John Tavares.
7:30 of 1st period - Stopped by Craig Anderson without a rebound.
7:31 of 1st period - Ryan Getzlaf wins face-off versus Pascal Dupuis in Blackhawks zone.
7:49 of 1st period - Off-side.
7:50 of 1st period - Ryan Getzlaf wins face-off versus David Backes in neutral zone.
7:57 of 1st period - Wrist shot by Ryan Getzlaf.
7:57 of 1st period - Deflect By Alex Ovechkin.
7:57 of 1st period - Stopped by Craig Anderson without a rebound.
7:58 of 1st period - John Tavares wins face-off versus Martin Hanzal in Blackhawks zone.
8:55 of 1st period - Michael Del Zotto is hit by Alex Ovechkin and loses puck.
9:12 of 1st period - Marc Staal is hit by Brooks Laich and loses puck.
9:52 of 1st period - Snap shot by Tyler Toffoli.
9:52 of 1st period - Shot Blocked by Marc Staal.
10:08 of 1st period - Jared Spurgeon is hit by Oliver Ekman-Larsson and loses puck.
10:28 of 1st period - Backhand shot by Jarret Stoll.
10:28 of 1st period - Stopped by Craig Anderson without a rebound.
10:29 of 1st period - Jarret Stoll wins face-off versus Martin Hanzal in Blackhawks zone.
10:55 of 1st period - Slapshot by Dustin Byfuglien.
10:55 of 1st period - Shot Misses the Net.
11:25 of 1st period - Wrist shot by John Tavares.
11:25 of 1st period - Shot Blocked by Brent Burns.
11:27 of 1st period - Slapshot by Max Pacioretty.
11:27 of 1st period - Shot Misses the Net.
12:59 of 1st period - Erik Johnson is hit by Tyler Toffoli.
13:50 of 1st period - Backhand shot by Dustin Byfuglien.
13:50 of 1st period - Stopped by Tuukka Rask with a rebound.
13:52 of 1st period - Wrist shot by Mike Hoffman.
13:52 of 1st period - Shot Misses the Net.
13:54 of 1st period - Wrist shot by Brent Burns.
13:54 of 1st period - Shot Misses the Net.
14:14 of 1st period - Brock Nelson is hit by Jake Muzzin and loses puck.
14:34 of 1st period - Jamie Devane is hit by Jeff Carter and loses puck.
15:56 of 1st period - Off-side.
15:57 of 1st period - John Tavares wins face-off versus Brooks Laich in neutral zone.
16:12 of 1st period - Wrist shot by Pascal Dupuis.
16:12 of 1st period - Shot Blocked by Jarret Stoll.
17:14 of 1st period - Colin Wilson is hit by Torey Krug and loses puck.
18:12 of 1st period - Snap shot by Pascal Dupuis.
18:12 of 1st period - Stopped by Tuukka Rask with a rebound.
18:14 of 1st period - Snap shot by Brooks Laich.
18:14 of 1st period - Stopped by Tuukka Rask without a rebound.
18:15 of 1st period - John Tavares wins face-off versus David Backes in Jets zone.
18:30 of 1st period - Snap shot by David Backes.
18:30 of 1st period - Shot Misses the Net.
19:14 of 1st period - Riley Sheahan is hit by Colin Wilson and loses puck.
19:31 of 1st period - Snap shot by Craig Smith.
19:31 of 1st period - Shot Misses the Net.
Goals for this period are 2 for Jets vs 0 for Blackhawks.
Shots for this period are 8 for Jets vs 5 for Blackhawks.

2nd period


0:01 of 2nd period - Ryan Getzlaf wins face-off versus Jeff Carter in neutral zone.
0:25 of 2nd period - Snap shot by Jeff Carter.
0:25 of 2nd period - Stopped by Tuukka Rask with a rebound.
1:13 of 2nd period - Erik Johnson is hit by David Backes and loses puck.
1:40 of 2nd period - Snap shot by Alex Killorn.
1:40 of 2nd period - Stopped by Craig Anderson without a rebound.
1:41 of 2nd period - Martin Hanzal wins face-off versus Alex Killorn in Blackhawks zone.
2:40 of 2nd period - Ryan Getzlaf is hit by Dustin Byfuglien and loses puck.
3:14 of 2nd period - Snap shot by Jeff Carter.
3:14 of 2nd period - Shot Misses the Net.
3:16 of 2nd period - Wrist shot by Jeff Carter.
3:16 of 2nd period - Shot Misses the Net.
3:18 of 2nd period - Slapshot by Sami Vatanen.
3:18 of 2nd period - Shot Blocked by Wayne Simmonds.
3:22 of 2nd period - Snap shot by Tyler Toffoli.
3:22 of 2nd period - Stopped by Tuukka Rask with a rebound.
3:24 of 2nd period - Slapshot by Jared Spurgeon.
3:24 of 2nd period - Shot Blocked by Jake Muzzin.
4:13 of 2nd period - Snap shot by Max Pacioretty.
4:13 of 2nd period - Shot Misses the Net.
4:15 of 2nd period - Snap shot by John Tavares.
4:15 of 2nd period - Stopped by Craig Anderson without a rebound.
4:16 of 2nd period - John Tavares wins face-off versus Martin Hanzal in Blackhawks zone.
4:23 of 2nd period - Snap shot by John Tavares.
4:23 of 2nd period - Shot Misses the Net.
4:25 of 2nd period - Snap shot by Danny DeKeyser.
4:25 of 2nd period - Shot Misses the Net.
4:39 of 2nd period - Michael Del Zotto is hit by John Tavares and loses puck.
4:52 of 2nd period - Wrist shot by Torey Krug.
4:52 of 2nd period - Stopped by Tuukka Rask with a rebound.
5:09 of 2nd period - Jeff Carter is hit by Alex Killorn.
5:10 of 2nd period - Icing by Jeff Carter.
5:11 of 2nd period - Jeff Carter wins face-off versus Jamie Devane in Blackhawks zone.
5:11 of 2nd period - Jeff Carter is hit by Alex Ovechkin.
5:19 of 2nd period - Erik Johnson is hit by Dustin Byfuglien and loses puck.
5:26 of 2nd period - Brent Burns is hit by Alex Ovechkin.
5:41 of 2nd period - Off-side.
5:42 of 2nd period - John Tavares wins face-off versus Riley Sheahan in neutral zone.
5:56 of 2nd period - Minor Penalty to Craig Smith for Slashing.
5:57 of 2nd period - John Tavares wins face-off versus Martin Hanzal in Blackhawks zone.
6:03 of 2nd period - Snap shot by John Tavares.
6:03 of 2nd period - Goal by John Tavares - Jets : 3 - Blackhawks : 0.
6:04 of 2nd period - John Tavares wins face-off versus David Backes in neutral zone.
6:30 of 2nd period - Snap shot by Pascal Dupuis.
6:30 of 2nd period - Shot Misses the Net.
6:32 of 2nd period - Snap shot by David Backes.
6:32 of 2nd period - Stopped by Tuukka Rask with a rebound.
6:56 of 2nd period - Minor Penalty to Marc Staal for Tripping.
6:57 of 2nd period - Martin Hanzal wins face-off versus Marcus Kruger in Jets zone.
7:45 of 2nd period - Wrist shot by Pascal Dupuis.
7:45 of 2nd period - Shot Blocked by Marcus Kruger.
8:17 of 2nd period - Snap shot by Pascal Dupuis.
8:17 of 2nd period - Goal by Pascal Dupuis - Jets : 3 - Blackhawks : 1.
8:18 of 2nd period - Martin Hanzal wins face-off versus John Tavares in neutral zone.
8:44 of 2nd period - Minor Penalty to Martin Hanzal for Goalie Interference.
8:45 of 2nd period - Jeff Carter wins face-off versus Ryan Getzlaf in Blackhawks zone.
9:30 of 2nd period - Jared Spurgeon is hit by John Tavares and loses puck.
9:37 of 2nd period - Wrist shot by John Tavares.
9:37 of 2nd period - Shot Blocked by Jared Spurgeon.
9:39 of 2nd period - Snap shot by John Tavares.
9:39 of 2nd period - Shot Blocked by Pascal Dupuis.
9:41 of 2nd period - Slapshot by Victor Hedman.
9:41 of 2nd period - Shot Misses the Net.
9:43 of 2nd period - Slapshot by Victor Hedman.
9:43 of 2nd period - Stopped by Craig Anderson with a rebound.
10:41 of 2nd period - Brent Burns is hit by Filip Forsberg and loses puck.
10:44 of 2nd period - Penalty to Martin Hanzal is over, Martin Hanzal is back on ice.
10:54 of 2nd period - Colin Wilson is hit by Brooks Laich and loses puck.
11:23 of 2nd period - Marcus Kruger is hit by Craig Smith and loses puck.
11:34 of 2nd period - Wrist shot by Riley Sheahan.
11:34 of 2nd period - Shot Blocked by Jake Muzzin.
11:36 of 2nd period - Snap shot by Riley Sheahan.
11:36 of 2nd period - Shot Misses the Net.
11:38 of 2nd period - Wrist shot by Mike Hoffman.
11:38 of 2nd period - Shot Blocked by Victor Hedman.
11:40 of 2nd period - Wrist shot by Riley Sheahan.
11:40 of 2nd period - Shot Misses the Net.
14:16 of 2nd period - Snap shot by Colin Wilson.
14:16 of 2nd period - Stopped by Craig Anderson with a rebound.
14:34 of 2nd period - Minor Penalty to Jared Spurgeon for Hooking.
14:35 of 2nd period - Ryan Getzlaf wins face-off versus Jeff Carter in Blackhawks zone.
14:36 of 2nd period - Wrist shot by Wayne Simmonds.
14:36 of 2nd period - Stopped by Craig Anderson without a rebound.
14:37 of 2nd period - Ryan Getzlaf wins face-off versus Jeff Carter in Blackhawks zone.
15:04 of 2nd period - Victor Hedman is hit by Sami Vatanen and loses puck.
15:58 of 2nd period - Wrist shot by Filip Forsberg.
15:58 of 2nd period - Deflect By John Tavares.
15:58 of 2nd period - Deflect By Martin Hanzal.
15:58 of 2nd period - Shot Misses the Net.
15:58 of 2nd period - Puck is out of play.
15:59 of 2nd period - Jeff Carter wins face-off versus John Tavares in Blackhawks zone.
16:03 of 2nd period - Off-side.
16:04 of 2nd period - John Tavares wins face-off versus Jeff Carter in neutral zone.
16:34 of 2nd period - Penalty to Jared Spurgeon is over, Jared Spurgeon is back on ice.
16:44 of 2nd period - Torey Krug is hit by Max Pacioretty and loses puck.
17:05 of 2nd period - Slapshot by Colin Wilson.
17:05 of 2nd period - Stopped by Craig Anderson without a rebound.
17:06 of 2nd period - Riley Sheahan wins face-off versus Marcus Kruger in Blackhawks zone.
17:57 of 2nd period - Brock Nelson is hit by Oliver Ekman-Larsson and loses puck.
18:09 of 2nd period - Slapshot by Dustin Byfuglien.
18:09 of 2nd period - Stopped by Tuukka Rask without a rebound.
18:10 of 2nd period - John Tavares wins face-off versus Martin Hanzal in Jets zone.
18:48 of 2nd period - Minor Penalty to Colin Wilson for Hooking.
18:49 of 2nd period - Marcus Kruger wins face-off versus David Backes in Jets zone.
18:58 of 2nd period - Slapshot by Jeff Carter.
18:58 of 2nd period - Shot Misses the Net.
19:00 of 2nd period - Slapshot by Dustin Byfuglien.
19:00 of 2nd period - Stopped by Tuukka Rask without a rebound.
19:01 of 2nd period - David Backes wins face-off versus Marcus Kruger in Jets zone.
19:06 of 2nd period - Wrist shot by David Backes.
19:06 of 2nd period - Shot Misses the Net.
19:22 of 2nd period - Snap shot by Jeff Carter.
19:22 of 2nd period - Goal by Jeff Carter - Jets : 3 - Blackhawks : 2.
19:23 of 2nd period - Martin Hanzal wins face-off versus Ryan Getzlaf in neutral zone.
19:28 of 2nd period - Icing by John Carlson.
19:29 of 2nd period - Ryan Getzlaf wins face-off versus Brock Nelson in Jets zone.
19:47 of 2nd period - Snap shot by Brock Nelson.
19:47 of 2nd period - Stopped by Tuukka Rask without a rebound.
19:48 of 2nd period - David Backes wins face-off versus John Tavares in Jets zone.
Goals for this period are 1 for Jets vs 2 for Blackhawks.
Shots for this period are 7 for Jets vs 9 for Blackhawks.

3rd period


0:01 of 3rd period - David Backes wins face-off versus Wayne Simmonds in neutral zone.
0:08 of 3rd period - Slapshot by Pascal Dupuis.
0:08 of 3rd period - Stopped by Tuukka Rask with a rebound.
0:18 of 3rd period - Snap shot by Alex Ovechkin.
0:18 of 3rd period - Shot Misses the Net.
0:20 of 3rd period - Wrist shot by Ryan Getzlaf.
0:20 of 3rd period - Shot Misses the Net.
1:48 of 3rd period - Snap shot by Colin Wilson.
1:48 of 3rd period - Shot Blocked by Craig Smith.
1:50 of 3rd period - Slapshot by Jake Muzzin.
1:50 of 3rd period - Shot Blocked by Brent Burns.
2:28 of 3rd period - Jarret Stoll is hit by Brian Gibbons.
2:39 of 3rd period - Brian Gibbons is hit by Jarret Stoll.
2:43 of 3rd period - Jarret Stoll is hit by Martin Hanzal.
2:54 of 3rd period - Minor Penalty to Jamie Devane for Hooking.
2:55 of 3rd period - David Backes wins face-off versus Marcus Kruger in Jets zone.
3:17 of 3rd period - Slapshot by Victor Hedman.
3:17 of 3rd period - Shot Misses the Net.
3:58 of 3rd period - John Carlson is hit by Martin Hanzal and loses puck.
4:18 of 3rd period - Alex Killorn is hit by Jeff Carter and loses puck.
4:25 of 3rd period - Slapshot by David Backes.
4:25 of 3rd period - Stopped by Tuukka Rask without a rebound.
4:26 of 3rd period - Alex Killorn wins face-off versus David Backes in Jets zone.
4:31 of 3rd period - Slapshot by Erik Johnson.
4:31 of 3rd period - Stopped by Craig Anderson without a rebound.
4:32 of 3rd period - David Backes wins face-off versus Alex Killorn in Blackhawks zone.
4:54 of 3rd period - Penalty to Jamie Devane is over, Jamie Devane is back on ice.
4:55 of 3rd period - Erik Johnson is hit by Dustin Byfuglien and loses puck.
5:33 of 3rd period - Snap shot by Max Pacioretty.
5:33 of 3rd period - Stopped by Craig Anderson without a rebound.
5:34 of 3rd period - Jamie Devane wins face-off versus Riley Sheahan in Blackhawks zone.
5:41 of 3rd period - Wrist shot by Alex Ovechkin.
5:41 of 3rd period - Stopped by Craig Anderson with a rebound.
6:01 of 3rd period - Slapshot by Mike Hoffman.
6:01 of 3rd period - Stopped by Tuukka Rask with a rebound.
6:03 of 3rd period - Snap shot by Craig Smith.
6:03 of 3rd period - Stopped by Tuukka Rask with a rebound.
6:16 of 3rd period - Icing by Jared Spurgeon.
6:17 of 3rd period - John Tavares wins face-off versus David Backes in Blackhawks zone.
6:26 of 3rd period - Slapshot by Pascal Dupuis.
6:26 of 3rd period - Stopped by Tuukka Rask without a rebound.
6:27 of 3rd period - David Backes wins face-off versus John Tavares in Jets zone.
6:28 of 3rd period - Wrist shot by Pascal Dupuis.
6:28 of 3rd period - Shot Misses the Net.
6:30 of 3rd period - Wrist shot by Torey Krug.
6:30 of 3rd period - Shot Blocked by Marc Staal.
6:32 of 3rd period - Snap shot by Michael Del Zotto.
6:32 of 3rd period - Shot Misses the Net.
6:34 of 3rd period - Wrist shot by Brooks Laich.
6:34 of 3rd period - Stopped by Tuukka Rask without a rebound.
6:35 of 3rd period - John Tavares wins face-off versus Jeff Carter in Jets zone.
6:35 of 3rd period - John Tavares is hit by Michael Del Zotto.
7:29 of 3rd period - Tanner Pearson is hit by Alex Ovechkin and loses puck.
7:42 of 3rd period - Snap shot by Ryan Getzlaf.
7:42 of 3rd period - Shot Misses the Net.
7:52 of 3rd period - Backhand shot by Alex Ovechkin.
7:52 of 3rd period - Shot Blocked by Tanner Pearson.
7:54 of 3rd period - Slapshot by Erik Johnson.
7:54 of 3rd period - Stopped by Craig Anderson with a rebound.
8:20 of 3rd period - Snap shot by Pascal Dupuis.
8:20 of 3rd period - Shot Misses the Net.
8:22 of 3rd period - Wrist shot by Sami Vatanen.
8:22 of 3rd period - Deflect By Pascal Dupuis.
8:22 of 3rd period - Stopped by Tuukka Rask with a rebound.
8:24 of 3rd period - Snap shot by Sami Vatanen.
8:24 of 3rd period - Shot Blocked by John Carlson.
8:32 of 3rd period - Snap shot by David Backes.
8:32 of 3rd period - Shot Blocked by Marcus Kruger.
8:40 of 3rd period - Snap shot by Pascal Dupuis.
8:40 of 3rd period - Shot Hit the Post.
9:02 of 3rd period - Jarret Stoll is hit by Sami Vatanen and loses puck.
9:09 of 3rd period - Brock Nelson is hit by Alex Ovechkin.
9:24 of 3rd period - Sami Vatanen is hit by Alex Ovechkin and loses puck.
10:03 of 3rd period - Wrist shot by Riley Sheahan.
10:03 of 3rd period - Stopped by Tuukka Rask without a rebound.
10:04 of 3rd period - David Backes wins face-off versus Ryan Getzlaf in Jets zone.
10:59 of 3rd period - Max Pacioretty is hit by Dustin Byfuglien and loses puck.
11:08 of 3rd period - Snap shot by John Tavares.
11:08 of 3rd period - Shot Blocked by Riley Sheahan.
11:10 of 3rd period - Wrist shot by Max Pacioretty.
11:10 of 3rd period - Stopped by Craig Anderson with a rebound.
11:20 of 3rd period - Wrist shot by Colin Wilson.
11:20 of 3rd period - Stopped by Craig Anderson with a rebound.
11:22 of 3rd period - Slapshot by Oliver Ekman-Larsson.
11:22 of 3rd period - Deflect By Colin Wilson.
11:22 of 3rd period - Stopped by Craig Anderson without a rebound.
11:23 of 3rd period - Marcus Kruger wins face-off versus Martin Hanzal in Blackhawks zone.
11:24 of 3rd period - Slapshot by Alex Killorn.
11:24 of 3rd period - Shot Misses the Net.
11:32 of 3rd period - Wrist shot by Martin Hanzal.
11:32 of 3rd period - Shot Blocked by Marcus Kruger.
11:34 of 3rd period - Snap shot by Michael Del Zotto.
11:34 of 3rd period - Stopped by Tuukka Rask with a rebound.
11:48 of 3rd period - Snap shot by Martin Hanzal.
11:48 of 3rd period - Shot Blocked by Marcus Kruger.
11:50 of 3rd period - Slapshot by Michael Del Zotto.
11:50 of 3rd period - Stopped by Tuukka Rask with a rebound.
11:52 of 3rd period - Slapshot by Martin Hanzal.
11:52 of 3rd period - Shot Misses the Net.
11:54 of 3rd period - Wrist shot by Brian Gibbons.
11:54 of 3rd period - Shot Misses the Net.
11:56 of 3rd period - Slapshot by Michael Del Zotto.
11:56 of 3rd period - Stopped by Tuukka Rask with a rebound.
11:58 of 3rd period - Snap shot by Brian Gibbons.
11:58 of 3rd period - Stopped by Tuukka Rask without a rebound.
11:59 of 3rd period - David Backes wins face-off versus John Tavares in Jets zone.
12:38 of 3rd period - Brooks Laich is hit by Wayne Simmonds and loses puck.
12:43 of 3rd period - Snap shot by Alex Ovechkin.
12:43 of 3rd period - Shot Misses the Net.
12:45 of 3rd period - Slapshot by Oliver Ekman-Larsson.
12:45 of 3rd period - Shot Misses the Net.
12:53 of 3rd period - Snap shot by Wayne Simmonds.
12:53 of 3rd period - Stopped by Craig Anderson without a rebound.
12:54 of 3rd period - Marcus Kruger wins face-off versus Jeff Carter in Blackhawks zone.
13:05 of 3rd period - Wrist shot by Alex Killorn.
13:05 of 3rd period - Stopped by Craig Anderson without a rebound.
13:06 of 3rd period - Marcus Kruger wins face-off versus Jeff Carter in Blackhawks zone.
13:19 of 3rd period - Slapshot by Tanner Pearson.
13:19 of 3rd period - Stopped by Tuukka Rask with a rebound.
13:21 of 3rd period - Wrist shot by Jeff Carter.
13:21 of 3rd period - Stopped by Tuukka Rask with a rebound.
13:23 of 3rd period - Wrist shot by Michael Del Zotto.
13:23 of 3rd period - Deflect By Jeff Carter.
13:23 of 3rd period - Stopped by Tuukka Rask with a rebound.
13:25 of 3rd period - Wrist shot by Tyler Toffoli.
13:25 of 3rd period - Shot Blocked by Marcus Kruger.
13:57 of 3rd period - Filip Forsberg is hit by Michael Del Zotto and loses puck.
14:20 of 3rd period - Off-side.
14:21 of 3rd period - Martin Hanzal wins face-off versus Ryan Getzlaf in neutral zone.
15:37 of 3rd period - Wrist shot by Pascal Dupuis.
15:37 of 3rd period - Stopped by Tuukka Rask with a rebound.
15:51 of 3rd period - Jarret Stoll is hit by Brooks Laich and loses puck.
15:58 of 3rd period - Sami Vatanen is hit by Alex Ovechkin.
16:10 of 3rd period - Minor Penalty to Alex Ovechkin for High sticking.
16:11 of 3rd period - Martin Hanzal wins face-off versus Marcus Kruger in Jets zone.
16:30 of 3rd period - Slapshot by Martin Hanzal.
16:30 of 3rd period - Stopped by Tuukka Rask with a rebound.
16:54 of 3rd period - David Backes is hit by John Carlson and loses puck.
17:03 of 3rd period - Slapshot by Sami Vatanen.
17:03 of 3rd period - Shot Misses the Net.
17:05 of 3rd period - Slapshot by Sami Vatanen.
17:05 of 3rd period - Goal by Sami Vatanen - Jets : 3 - Blackhawks : 3.
17:06 of 3rd period - John Tavares wins face-off versus Jeff Carter in neutral zone.
17:09 of 3rd period - Wrist shot by Max Pacioretty.
17:09 of 3rd period - Stopped by Craig Anderson without a rebound.
17:10 of 3rd period - John Tavares wins face-off versus Jeff Carter in Blackhawks zone.
17:13 of 3rd period - Slapshot by John Tavares.
17:13 of 3rd period - Deflect By Filip Forsberg.
17:13 of 3rd period - Stopped by Craig Anderson with a rebound.
17:15 of 3rd period - Wrist shot by Filip Forsberg.
17:15 of 3rd period - Shot Blocked by Jared Spurgeon.
17:17 of 3rd period - Slapshot by Victor Hedman.
17:17 of 3rd period - Shot Blocked by Sami Vatanen.
17:19 of 3rd period - Wrist shot by Max Pacioretty.
17:19 of 3rd period - Shot Misses the Net.
18:09 of 3rd period - Victor Hedman is hit by David Backes and loses puck.
18:30 of 3rd period - Snap shot by Pascal Dupuis.
18:30 of 3rd period - Deflect By Brooks Laich.
18:30 of 3rd period - Stopped by Tuukka Rask with a rebound.
18:32 of 3rd period - Snap shot by David Backes.
18:32 of 3rd period - Stopped by Tuukka Rask with a rebound.
18:34 of 3rd period - Wrist shot by Torey Krug.
18:34 of 3rd period - Deflect By Brooks Laich.
18:34 of 3rd period - Shot Misses the Net.
18:34 of 3rd period - Puck is out of play.
18:35 of 3rd period - Marcus Kruger wins face-off versus Martin Hanzal in Jets zone.
19:24 of 3rd period - Wrist shot by Filip Forsberg.
19:24 of 3rd period - Stopped by Craig Anderson with a rebound.
19:36 of 3rd period - Snap shot by Riley Sheahan.
19:36 of 3rd period - Stopped by Tuukka Rask with a rebound.
19:59 of 3rd period - Riley Sheahan is hit by Oliver Ekman-Larsson and loses puck.
Goals for this period are 0 for Jets vs 1 for Blackhawks.
Shots for this period are 12 for Jets vs 21 for Blackhawks.

Overtime #1


0:01 of 1st overtime period - Riley Sheahan wins face-off versus Alex Ovechkin in neutral zone.
0:47 of 1st overtime period - Slapshot by Jake Muzzin.
0:47 of 1st overtime period - Deflect By Brock Nelson.
0:47 of 1st overtime period - Stopped by Craig Anderson with a rebound.
0:49 of 1st overtime period - Slapshot by Jake Muzzin.
0:49 of 1st overtime period - Deflect By Michael Del Zotto.
0:49 of 1st overtime period - Stopped by Craig Anderson without a rebound.
0:50 of 1st overtime period - Alex Ovechkin wins face-off versus Tanner Pearson in Blackhawks zone.
2:28 of 1st overtime period - Wrist shot by Craig Smith.
2:28 of 1st overtime period - Shot Blocked by Victor Hedman.
3:16 of 1st overtime period - Snap shot by Riley Sheahan.
3:16 of 1st overtime period - Shot Blocked by Jake Muzzin.
3:18 of 1st overtime period - Backhand shot by Michael Del Zotto.
3:18 of 1st overtime period - Deflect By Craig Smith.
3:18 of 1st overtime period - Shot Misses the Net.
3:18 of 1st overtime period - Puck is out of play.
3:19 of 1st overtime period - Riley Sheahan wins face-off versus Alex Killorn in Jets zone.
3:46 of 1st overtime period - Snap shot by Alex Killorn.
3:46 of 1st overtime period - Shot Misses the Net.
3:58 of 1st overtime period - Wrist shot by Tanner Pearson.
3:58 of 1st overtime period - Stopped by Tuukka Rask with a rebound.
4:09 of 1st overtime period - Michael Del Zotto is hit by Ryan Getzlaf and loses puck.
4:33 of 1st overtime period - Snap shot by Michael Del Zotto.
4:33 of 1st overtime period - Shot Blocked by Max Pacioretty.
4:39 of 1st overtime period - Brock Nelson is hit by Max Pacioretty and loses puck.
Goals for this period are 0 for Jets vs 0 for Blackhawks.
Shots for this period are 2 for Jets vs 1 for Blackhawks.

ShootOut


5:00 of 1st overtime period - Penalty Shot by Alex Ovechkin for Jets.
5:00 of 1st overtime period - Backhand shot by Alex Ovechkin.
5:00 of 1st overtime period - Goal by Alex Ovechkin.
5:00 of 1st overtime period - Penalty Shot by Brock Nelson for Blackhawks.
5:00 of 1st overtime period - Backhand shot by Brock Nelson.
5:00 of 1st overtime period - Stopped by Tuukka Rask.
5:00 of 1st overtime period - Penalty Shot by Ryan Getzlaf for Jets.
5:00 of 1st overtime period - Snap shot by Ryan Getzlaf.
5:00 of 1st overtime period - Stopped by Craig Anderson.
5:00 of 1st overtime period - Penalty Shot by Riley Sheahan for Blackhawks.
5:00 of 1st overtime period - Wrist shot by Riley Sheahan.
5:00 of 1st overtime period - Stopped by Tuukka Rask.
5:00 of 1st overtime period - Penalty Shot by John Tavares for Jets.
5:00 of 1st overtime period - Snap shot by John Tavares.
5:00 of 1st overtime period - Stopped by Craig Anderson.
5:00 of 1st overtime period - Penalty Shot by Pascal Dupuis for Blackhawks.
5:00 of 1st overtime period - Deke by Pascal Dupuis.
5:00 of 1st overtime period - Shot Misses the Net.